 Dungeon Crawl Stone Soup version bcrawl-1.13.1 (webtiles) character file.

Game seed: 13979819949572081576

4713 Revguard the Ascendant (level 10, -9/80 HPs)
             Began as a Demigod Archaeologist on Aug 6, 2019.
             Killed themself with a badly aimed orb of electricity (31 damage)
             ... on level 7 of the Dungeon.
             The game lasted 00:20:26 (6809 turns).

Revguard the Ascendant (Demigod Archaeologist)      Turns: 6809, Time: 00:20:26

Health: -9/80      AC: 35    Str: 26    XL:     10   Next: 22%
Magic:  29/29      EV:  7    Int: 23    God:    Demigod [****..]
Gold:   433        SH:  0    Dex: 17    Spells: 9/9 levels left

rFire    . . .     SeeInvis +   x - +0 battleaxe
rCold    . . .     Gourm    .   (shield currently unavailable)
rNeg     . . .     Faith    .   f - +8 orange crystal plate armour {Archmagi, Int+3 Clar}
rPois    .         Spirit   .   s - +2 helmet {SInv}
rElec    .         Reflect  .   (no cloak)
rCorr    +         Harm     .   (no gloves)
MR       +....     Clarity  +   e - +2 pair of boots
Stlth    ..........             (no amulet)
HPRegen  0.23/turn              j - ring of magical power
MPRegen  0.21/turn              b - ring of resist corrosion

@: mighty
A: agile 1, clever 1, high mp 1, shaggy fur 1, MP-powered wands
a: Temporal Distortion, Growth, Major Destruction, Heroism


You were on level 7 of the Dungeon.
You worshipped Demigod.
Demigod was greatly pleased with you.
You were not hungry.

You visited 1 branch of the dungeon, and saw 7 of its levels.
You also visited: Sewer.

You collected 433 gold pieces.

Inventory:

Hand Weapons
 x - a +0 battleaxe (weapon)
Armour
 e - a +2 pair of boots (worn)
 f - the +8 orange crystal plate armour (worn) {Archmagi, Int+3 Clar}

   It affects your intelligence (+3).
   It protects you against confusion.
 s - a +2 helmet of see invisible (worn)
Jewellery
 b - a ring of resist corrosion (right hand)
 j - a ring of magical power (left hand)
 q - an uncursed ring of flight
Wands
 C - a wand of flame (20)
Scrolls
 a - 2 scrolls of enchant weapon
 k - 7 scrolls of remove curse
 l - 2 scrolls of identify
 m - a scroll of immolation
 n - a scroll of enchant armour
 t - a scroll of noise
 u - 2 scrolls of fear
 v - a scroll of magic mapping
 y - 2 scrolls of teleportation
Potions
 p - a potion of brilliance
 r - 5 potions of curing
 A - a potion of magic
Comestibles
 g - 14 rations {!d}


   Skills:
 + Level 4.3 Fighting
 + Level 7.3(7.6) Axes
   Level 2.9(5.5) Maces & Flails
 * Level 8.8 Armour
 + Level 3.2 Dodging
 - Level 3.0 Stealth
 * Level 9.5 Invocations


You had 9 spell levels left.
You didn't know any spells.
Your spell library was empty.

Dungeon Overview and Level Annotations

Branches:
Dungeon (7/12)             Temple (0/1) D:7            Lair (0/6) D:7


Innate Abilities, Weirdness & Mutations

You have an increased reservoir of magic. (+10% MP)
You are agile. (Dex +2)
Your mind is acute. (Int +2)
You are covered in fur. (AC +1)
You expend magic power (3 MP) to strengthen your wands.


Message History

The catoblepas is almost dead.
The catoblepas gores you.
* * * LOW HITPOINT WARNING * * *
The orc warrior hits you from afar with a +0 glaive.
* * * LOW HITPOINT WARNING * * *
You slice the catoblepas!!
You kill the catoblepas!
Your kill strengthens your divinity.
The orc warrior hits you but does no damage.
A crimson imp comes into view.
Press: ? - help, Shift-Dir - straight line, f - orc warrior
Aim: an orc warrior, wielding a +0 glaive and wearing a +0 plate armour (almost dead)
The orb of electricity explodes!
The orb of electricity engulfs the orc warrior.
You kill the orc warrior!
Your kill strengthens your divinity.
You can now gain great but temporary skills.
The orb of electricity engulfs you!
You die...
Your divinity fades.

,#.#.#####**********,************
...#.#...**,,,*,,,**,,,,,,,,,,,,,
...#.#.####,>,*,∩,*******,*******
...#....#.#,,,*,,,*******,*
..........+*******+,,,,**,*
...#.#.#.###########,,.#*,*
##.#.#............)#.$.#*,*
,.,#.###.#.....$.†)[.).#*,*
..,#.#*#.....<..@#.#...#*,*******
#*,#...........#.#.#,#.#,,,,,,,,,
,,,............#....,,,#,,,,,,,,,
**,....###+###..##.#.**,,*******,
**,..#*,,,,,##..#...#,,**,,,,,**
*..#*,*****,##....5.,**,,***,,*
*,**,*,,,,,*,***#####*,,**,*,,,
*,*,*,,***,,*,*,,*,,*,,**,,*,,,
*,*,*,*,,,*,*,*,,,,,*,**,,,*,,,


You could see a crimson imp (wandering).

Vanquished Creatures
  A catoblepas (D:7)
  A centaur warrior (D:6)
  An unseen horror (D:6)
  Prince Ribbit (D:5)
  Eustachio (D:5)
  A hungry ghost (D:6)
  A black bear (D:6)
  An orc warrior (D:7)
  A sky beast (D:4)
  A phantom (D:4)
  7 ogres
  A centaur (D:6)
  Blork the orc (D:6)
  5 bullfrogs (D:6)
  3 scorpions
  3 crimson imps
  A bullfrog zombie (D:5)
  A jelly (D:6)
  2 orc priests (D:4)
  A bullfrog skeleton (D:5)
  2 hounds
  2 orc wizards
  A centaur skeleton (D:6)
  5 worker ants
  Robin (D:3)
  A howler monkey skeleton (D:6)
  8 adders
  4 river rats (Sewer)
  An ooze (D:1)
  An adder zombie (D:5)
  An adder skeleton (D:4)
  6 worms
  3 dart slugs
  5 leopard geckos
  13 orcs
  3 ball pythons (Sewer)
  8 giant cockroaches
  15 goblins
  9 hobgoblins
  15 jackals
  4 quokkas (D:2)
  2 bats (D:1)
  12 frilled lizards
  2 jackal skeletons
  8 kobolds
  15 rats
182 creatures vanquished.

Vanquished Creatures (others)
  A human (D:5)
1 creature vanquished.

Grand Total: 183 creatures vanquished

Notes
Turn   | Place    | Note
-------+----------+-------------------------------------------
     0 | D:1      | Revguard the Demigod Archaeologist began the quest for the
                  | Orb.
     0 | D:1      | Reached XP level 1. HP: 15/15 MP: 3/3
    31 | D:1      | Reached skill level 1 in Invocations
   372 | D:1      | Gained mutation: You have a pair of small horns on your
                  | head. [potion of mutation]
   372 | D:1      | Gained mutation: You are agile. (Dex +2) [potion of
                  | mutation]
   372 | D:1      | Gained mutation: You are dopey. (Int -2) [potion of
                  | mutation]
   372 | D:1      | Gained mutation: You are covered in fur. (AC +1) [potion of
                  | mutation]
   388 | D:1      | Reached XP level 2. HP: 22/22 MP: 5/5
   508 | D:1      | Reached skill level 1 in Maces & Flails
   758 | D:1      | Reached * piety under Demigod
   758 | D:1      | Reached XP level 3. HP: 27/27 MP: 6/6
   939 | D:2      | Reached skill level 1 in Armour
   981 | D:2      | Reached skill level 1 in Fighting
  1063 | D:2      | Reached skill level 2 in Invocations
  1078 | D:2      | Found a basalt altar of Yredelemnul.
  1518 | D:2      | Reached XP level 4. HP: 35/35 MP: 8/8
  1775 | D:2      | Found a shattered altar of Ashenzari.
  1786 | D:2      | Found a white marble altar of Elyvilon.
  1786 | D:2      | Found a blossoming altar of Fedhas.
  1788 | D:2      | Found a glowing golden altar of the Shining One.
  1788 | D:2      | Found a shimmering altar of Xom.
  1788 | D:2      | Found a sparkling altar of Nemelex Xobeh.
  2075 | D:3      | Noticed Robin
  2088 | D:3      | Reached ** piety under Demigod
  2110 | D:3      | Killed Robin
  2188 | D:3      | Found an ornate altar of the Wu Jian Council.
  2214 | D:3      | Reached XP level 5. HP: 32/40 MP: 9/9
  2326 | D:3      | Found a glowing drain.
  2351 | Sewer    | Entered a sewer
  2435 | Sewer    | Reached skill level 3 in Invocations
  2738 | Sewer    | Reached *** piety under Demigod
  3226 | D:4      | Reached XP level 6. HP: 45/48 MP: 11/11
  3288 | D:4      | Reached skill level 1 in Axes
  3288 | D:4      | Reached skill level 4 in Invocations
  3491 | D:4      | Reached skill level 5 in Armour
  3789 | D:4      | Reached XP level 7. HP: 55/55 MP: 13/13
  4433 | D:4      | Reached skill level 5 in Invocations
  4916 | D:5      | Entered Level 5 of the Dungeon
  4928 | D:5      | Reached XP level 8. HP: 62/62 MP: 15/15
  5088 | D:5      | Noticed Prince Ribbit
  5136 | D:5      | Found a glowing golden altar of the Shining One.
  5159 | D:5      | Noticed Eustachio
  5203 | D:5      | Killed Eustachio
  5203 | D:5      | Reached skill level 6 in Invocations
  5390 | D:5      | Reached skill level 5 in Axes
  5515 | D:5      | Killed Prince Ribbit
  5732 | D:5      | Lost mutation: You are dopey. (Int -2) [potion of mutation]
  5732 | D:5      | Lost mutation: You have a pair of small horns on your head.
                  | [potion of mutation]
  5732 | D:5      | Gained mutation: Armour fits poorly on your strangely
                  | shaped body. [potion of mutation]
  5732 | D:5      | Gained mutation: You are partially covered in large bone
                  | plates. (SH +4) [potion of mutation]
  5732 | D:5      | Gained mutation: You are frail. (-10% HP) [potion of
                  | mutation]
  5732 | D:5      | Gained mutation: You are partially covered in thin metallic
                  | scales. (AC +2) [potion of mutation]
  5733 | D:5      | Lost mutation: Armour fits poorly on your strangely shaped
                  | body. [potion of mutation]
  5733 | D:5      | Lost mutation: You are partially covered in large bone
                  | plates. (SH +4) [potion of mutation]
  5733 | D:5      | Lost mutation: You are frail. (-10% HP) [potion of
                  | mutation]
  5733 | D:5      | Lost mutation: You are partially covered in thin metallic
                  | scales. (AC +2) [potion of mutation]
  5733 | D:5      | Gained mutation: You expend magic power (3 MP) to
                  | strengthen your wands. [potion of mutation]
  5733 | D:5      | Gained mutation: Your mind is acute. (Int +2) [potion of
                  | mutation]
  5752 | D:5      | Found an ancient bone altar of Kikubaaqudgha.
  5909 | D:6      | Reached XP level 9. HP: 63/70 MP: 17/17
  5923 | D:6      | Noticed an unseen horror
  5945 | D:6      | Noticed a centaur warrior
  5947 | D:6      | Killed an unseen horror
  5947 | D:6      | Reached skill level 7 in Invocations
  5958 | D:6      | Killed a centaur warrior
  5958 | D:6      | Reached skill level 8 in Invocations
  6402 | D:6      | Reached skill level 9 in Invocations
  6484 | D:6      | Found a bloodstained altar of Trog.
  6627 | D:6      | Noticed Blork the orc
  6641 | D:6      | Killed Blork the orc
  6649 | D:6      | Reached XP level 10. HP: 73/79 MP: 20/20
  6754 | D:7      | Found a glowing golden altar of the Shining One.
  6787 | D:7      | Noticed a catoblepas
  6808 | D:7      | Killed a catoblepas
  6809 | D:7      | Reached **** piety under Demigod
  6809 | D:7      | Killed themself with a badly aimed orb of electricity

Skill      XL: |  1  2  3  4  5  6  7  8  9 |
---------------+----------------------------+-----
Invocations    | 1 2 3 4 5 6 9 |  9.5
Dodging        | 3 |  3.2
Maces & Flails | 1 2 |  2.9
Armour         | 1 2 3 5 6 7 8 |  8.8
Fighting       | 1 2 3 4 |  4.3
Axes           | 1 3 5 7 |  7.3
Stealth        | |  3.0

Action                   |  1- 3 |  4- 6 |  7- 9 | 10-12 || total
-------------------------+-------+-------+-------+-------++-------
Melee: Whip              |    15 |       |       |       ||    15
       Mace              |   132 |   213 |       |       ||   345
       Headbutt          |    26 |    45 |    27 |       ||    98
       Battleaxe         |       |    57 |   274 |    10 ||   341
Invok: Temporal Distorti |     1 |       |       |       ||     1
       Major Destruction |       |     2 |     8 |     3 ||    13
       Growth            |       |     2 |       |       ||     2
Evoke: Wand              |       |       |     3 |       ||     3
  Use: Scroll            |     1 |     9 |     2 |     1 ||    13
       Potion            |     1 |     7 |     7 |     1 ||    16
 Stab: Distracted        |       |     1 |       |       ||     1
       Invisible         |       |       |     2 |       ||     2
  Eat: Chunk             |     2 |     8 |    14 |       ||    24
       Ration            |       |       |     2 |     1 ||     3
Armor: Robe              |    14 |       |       |       ||    14
       Plate armour      |   171 |   262 |    77 |       ||   510
       Crystal plate arm |       |       |   297 |    11 ||   308
Dodge: Dodged            |    84 |   130 |   115 |     4 ||   333
